 Dungeon Sprint DCSS version 0.26-a0-1101-g8f9f7f7418 (webtiles) character file.

Game seed: 14303426275656044509

9700000 Adamkad1 the Axe Maniac (level 27, -5/292 HPs)
             Began as a Palentonga Gladiator on Dec 15, 2020.
             Was the Champion of Makhleb.
             Killed from afar by a dread (41 damage)
             ... with damnation
             ... in the Dungeon (Sprint VIII: "Arena of Blood").
             The game lasted 00:03:36 (97 turns).

Adamkad1 the Axe Maniac (Palentonga Gladiator)        Turns: 97, Time: 00:03:37

Health: -5/292     AC: 17    Str: 18    XL:     27
Magic:  39/54      EV: 32    Int: 12    God:    Makhleb [******]
Gold:   0          SH:  0    Dex: 21    Spells: 80/80 levels left

rFire    . . .     SeeInvis +   k - +∞ Axe of Woe
rCold    . . .     Faith    .   (shield currently unavailable)
rNeg     . . .     Spirit   .   b - +0 leather armour
rPois    .         Reflect  .   c - +0 helmet
rElec    .         Harm     .   (no cloak)
rCorr    .         Rampage  .   (no gloves)
Will     ++...     NoTele   +   (no barding)
Stlth    ++++++++++             (no amulet)
HPRegen  0.58/turn              (no ring)
MPRegen  0.34/turn              (no ring)

@: curled up
A: large, rugged brown scales 3, see invisible, deformed body, roll 1, armoured
tail, reflexive curl
a: Rolling Charge, Minor Destruction, Lesser Servant of Makhleb, Major
Destruction, Greater Servant of Makhleb, Renounce Religion


You were in the Dungeon.
You worshipped Makhleb.
Makhleb was exalted by your worship.
You visited 1 branch

Inventory:

Hand Weapons
 a - a +0 war axe
 k - the +∞ Axe of Woe (weapon)
   (You found it in the Dungeon)
Missiles
 d - 2 throwing nets (quivered)
Armour
 b - a +0 leather armour (worn)
 c - a +0 helmet (worn)
Scrolls
 j - a scroll of blinking
Potions
 e - a potion of curing
 f - a potion of heal wounds
 g - a potion of haste
 h - 2 potions of magic
 i - a potion of berserk rage


   Skills:
 O Level 27 Fighting
 O Level 27 Short Blades
 O Level 27 Long Blades
 O Level 27 Axes
 O Level 27 Maces & Flails
 O Level 27 Polearms
 O Level 27 Staves
 O Level 27 Slings
 O Level 27 Bows
 O Level 27 Crossbows
 O Level 27 Throwing
 O Level 27 Armour
 O Level 27 Dodging
 O Level 27 Stealth
 O Level 27 Shields
 O Level 27 Unarmed Combat
 O Level 27 Spellcasting
 O Level 27 Conjurations
 O Level 27 Hexes
 O Level 27 Summonings
 O Level 27 Necromancy
 O Level 27 Translocations
 O Level 27 Transmutations
 O Level 27 Fire Magic
 O Level 27 Ice Magic
 O Level 27 Air Magic
 O Level 27 Earth Magic
 O Level 27 Poison Magic
 O Level 27 Invocations
 O Level 27 Evocations


You had 80 spell levels left.
You didn't know any spells.
Your spell library was empty.

Dungeon Overview and Level Annotations

Branches:
Dungeon (1/1)

Altars:
Makhleb


Innate Abilities, Weirdness & Mutations

You are completely covered in rugged brown scales. (AC +3, +7% HP)
You have supernaturally acute eyesight. (SInv)
Armour fits poorly on your strangely shaped body.
You can roll at nearby foes to attack.
You have a long armoured tail.
You curl defensively after being hit.


Message History

The meat beast gives a chilling moan.
You open the small abomination like a pillowcase!!!
You chop the small abomination into pieces.
You destroy the small abomination!
Makhleb accepts your kill.
You feel better.
A phantom and a wraith come into view.
The tyrant appears out of thin air!
A tyrant comes into view.
You hear a loud, deep croak!
You hear a shout! x4
The meat beast bellows, "Remove thy stench, thou villainous shard-borne reprobate!"
You hear a shout!
The observer gazes at you. The bolt of fire misses you.
You hear a shout! x2
The observer gazes at you. The bolt of fire hits you!!!
* * * LOW HITPOINT WARNING * * *
The sphere of damnation explodes!
The damnation engulfs you!!!
You die...

...................##
.##.##........WW......#
...o..........G....... .
.§.#.#.......#..........
.○)☼.))).))####.2.......
xx)°)§°°))........G.x...
.z))z○))))..)))...#.....
...☼o...)...).)..........#
.....)..).M.))).@.#......#
......#....))).○.....G...#
°○○.Xo#.....).O☼..##.....#
§))..°###......○.........#
☼###O.))........○###.....#
.)_.)))...L.....)°○).....#
..)).#.......#.#.○.......#
_.<._#.........)))))....=#
...).#...O..#.#.#))).....#


You could see an accursed, a meat beast (fast), a tyrant, 3 observers, a
wretched soul (invisible), a dread, a meat berserker (berserk) and a crawling
corpse.

Vanquished Creatures
  4 hell beasts (D)
  3 royal mummies (D)
  A great orb of eyes (D)
  10 vampire knights (D)
  37 ogres (D)
  12 two-headed ogres (D)
  A lich (D)
  3 hydras (D)
  89 orcs (D)
  5 phantoms (D)
  6 skeletal warriors (D)
  9 large abominations (D)
  9 small abominations (D)
  10 crawling corpses (D)
199 creatures vanquished.

Vanquished Creatures (others)
  An ogre (D)
  An orc (D)
  7 crawling corpses (D)
9 creatures vanquished.

Grand Total: 208 creatures vanquished

Notes
Turn   | Place    | Note
-------+----------+-------------------------------------------
     0 | D        | Found the +∞ Axe of Woe
     0 | D        | Adamkad1 the Palentonga Gladiator began the quest for the
                  | Orb.
     0 | D        | Reached XP level 1. HP: 18/18 MP: 1/1
     3 | D        | Became a worshipper of Makhleb the Destroyer
     3 | D        | Noticed a bag of meat
     3 | D        | Noticed a bag of meat
     5 | D        | Noticed a bag of meat
     5 | D        | Noticed a bag of meat
     9 | D        | Killed a bag of meat
    10 | D        | Reached skill level 10 in Throwing
    10 | D        | Reached XP level 2. HP: 47/47 MP: 2/2
    10 | D        | Reached XP level 3. HP: 53/53 MP: 3/3
    10 | D        | Reached XP level 4. HP: 62/62 MP: 4/4
    10 | D        | Reached XP level 5. HP: 68/68 MP: 5/5
    10 | D        | Reached XP level 6. HP: 77/77 MP: 6/6
    10 | D        | Gained mutation: You curl defensively after being hit.
                  | [Palentonga growth]
    10 | D        | Reached XP level 7. HP: 84/84 MP: 7/7
    10 | D        | Reached XP level 8. HP: 92/92 MP: 8/8
    10 | D        | Reached XP level 9. HP: 99/99 MP: 9/9
    10 | D        | Reached XP level 10. HP: 108/108 MP: 10/10
    10 | D        | Reached XP level 11. HP: 114/114 MP: 11/11
    10 | D        | Killed a bag of meat
    10 | D        | Reached * piety under Makhleb
    11 | D        | Reached skill level 15 in Fighting
    11 | D        | Reached XP level 12. HP: 129/129 MP: 12/12
    11 | D        | Noticed a bag of meat
    12 | D        | Killed a bag of meat
    13 | D        | Reached XP level 13. HP: 139/139 MP: 13/13
    15 | D        | Noticed a meat berserker
    16 | D        | Noticed a bag of meat
    16 | D        | Noticed a meat berserker
    16 | D        | Noticed a meat berserker
    16 | D        | Noticed a bag of meat
    17 | D        | Killed a bag of meat
    18 | D        | Reached skill level 15 in Dodging
    18 | D        | Reached XP level 14. HP: 149/149 MP: 14/14
    18 | D        | Killed a bag of meat
    18 | D        | Reached ** piety under Makhleb
    18 | D        | Noticed a meat berserker
    19 | D        | Noticed a bag of meat
    20 | D        | Killed a meat berserker
    20 | D        | Noticed a bag of meat
    20 | D        | Noticed a bag of meat
    20 | D        | Noticed a large bag of meat
    20 | D        | Noticed a bag of meat
    20 | D        | Noticed a destroyer
    21 | D        | Reached XP level 15. HP: 165/165 MP: 15/15
    21 | D        | Noticed a large bag of meat
    21 | D        | Killed a meat berserker
    21 | D        | Noticed a meat berserker
    21 | D        | Noticed a meat berserker
    21 | D        | Noticed a meat berserker
    22 | D        | Reached skill level 27 in Axes
    22 | D        | Reached XP level 16. HP: 180/180 MP: 16/16
    22 | D        | Killed a destroyer
    22 | D        | Reached *** piety under Makhleb
    22 | D        | Noticed a large bag of meat
    23 | D        | Reached XP level 17. HP: 196/196 MP: 17/17
    23 | D        | Noticed a large bag of meat
    24 | D        | Noticed a large bag of meat
    24 | D        | Noticed a meat berserker
    24 | D        | Killed a meat berserker
    24 | D        | Reached **** piety under Makhleb
    24 | D        | Noticed a meat berserker
    24 | D        | Noticed a meat berserker
    25 | D        | Reached skill level 27 in Fighting
    25 | D        | Reached XP level 18. HP: 214/214 MP: 18/18
    25 | D        | Killed a meat berserker
    25 | D        | Killed a large bag of meat
    25 | D        | Killed a meat berserker
    25 | D        | Noticed a meat berserker
    25 | D        | Noticed a meat berserker
    26 | D        | Reached skill level 27 in Throwing
    26 | D        | Reached skill level 27 in Dodging
    26 | D        | Reached XP level 19. HP: 151/221 MP: 18/25
    26 | D        | Reached ***** piety under Makhleb
    26 | D        | Killed a meat berserker
    27 | D        | Reached skill level 5 in Slings
    27 | D        | Reached skill level 5 in Bows
    27 | D        | Reached skill level 5 in Crossbows
    27 | D        | Reached skill level 5 in Armour
    27 | D        | Reached skill level 5 in Stealth
    27 | D        | Reached skill level 5 in Shields
    27 | D        | Reached skill level 5 in Summonings
    27 | D        | Reached skill level 5 in Fire Magic
    27 | D        | Reached skill level 5 in Ice Magic
    27 | D        | Reached skill level 5 in Air Magic
    27 | D        | Reached skill level 5 in Earth Magic
    27 | D        | Reached skill level 5 in Poison Magic
    27 | D        | Noticed a meat berserker
    27 | D        | Killed a large bag of meat
    27 | D        | Noticed a large bag of meat
    27 | D        | Noticed a large bag of meat
    28 | D        | Reached XP level 20. HP: 199/231 MP: 18/30
    28 | D        | Noticed a meat berserker
    28 | D        | Killed a large bag of meat
    29 | D        | Reached skill level 10 in Invocations
    29 | D        | Killed a meat berserker
    30 | D        | Reached skill level 10 in Short Blades
    30 | D        | Reached skill level 10 in Polearms
    30 | D        | Reached skill level 10 in Spellcasting
    30 | D        | Reached skill level 10 in Conjurations
    30 | D        | Reached skill level 10 in Hexes
    30 | D        | Reached skill level 10 in Necromancy
    30 | D        | Reached skill level 10 in Transmutations
    30 | D        | Reached skill level 10 in Earth Magic
    30 | D        | Reached skill level 10 in Evocations
    30 | D        | Reached XP level 21. HP: 211/239 MP: 18/35
    30 | D        | Reached ****** piety under Makhleb
    30 | D        | Killed a large bag of meat
    31 | D        | Reached skill level 10 in Slings
    31 | D        | Reached skill level 10 in Stealth
    31 | D        | Reached XP level 22. HP: 213/249 MP: 18/38
    33 | D        | Reached skill level 15 in Invocations
    33 | D        | Reached XP level 23. HP: 201/256 MP: 19/40
    33 | D        | Noticed a destroyer
    34 | D        | Reached skill level 15 in Short Blades
    34 | D        | Reached skill level 15 in Long Blades
    34 | D        | Reached skill level 15 in Maces & Flails
    34 | D        | Reached skill level 15 in Staves
    34 | D        | Reached skill level 15 in Unarmed Combat
    34 | D        | Reached skill level 15 in Hexes
    34 | D        | Reached skill level 15 in Necromancy
    34 | D        | Reached skill level 15 in Translocations
    34 | D        | Reached skill level 15 in Transmutations
    35 | D        | Reached skill level 15 in Polearms
    35 | D        | Reached skill level 15 in Spellcasting
    35 | D        | Reached skill level 15 in Conjurations
    35 | D        | Reached skill level 15 in Earth Magic
    35 | D        | Reached skill level 15 in Evocations
    35 | D        | Reached XP level 24. HP: 266/266 MP: 19/42
    36 | D        | Killed a large bag of meat
    37 | D        | Reached skill level 15 in Bows
    37 | D        | Reached skill level 15 in Crossbows
    37 | D        | Reached skill level 15 in Armour
    37 | D        | Reached skill level 15 in Shields
    37 | D        | Reached skill level 15 in Summonings
    37 | D        | Reached skill level 15 in Fire Magic
    37 | D        | Reached skill level 15 in Ice Magic
    37 | D        | Reached skill level 15 in Air Magic
    37 | D        | Reached skill level 15 in Poison Magic
    37 | D        | Reached XP level 25. HP: 250/274 MP: 20/43
    37 | D        | Killed a destroyer
    37 | D        | Killed a large bag of meat
    38 | D        | Reached skill level 15 in Stealth
    39 | D        | Reached skill level 15 in Slings
    39 | D        | Noticed a destroyer
    40 | D        | Reached XP level 26. HP: 284/284 MP: 21/44
    40 | D        | Noticed a large bag of meat
    43 | D        | Reached XP level 27. HP: 292/292 MP: 21/46
    45 | D        | Noticed a destroyer
    45 | D        | Noticed a large bag of meat
    46 | D        | Noticed a destroyer
    48 | D        | Killed a large bag of meat
    48 | D        | Noticed a large bag of meat
    50 | D        | Noticed a destroyer
    51 | D        | Noticed an accursed
    51 | D        | Killed a destroyer
    52 | D        | Killed a destroyer
    54 | D        | Reached skill level 27 in Invocations
    54 | D        | Killed a destroyer
    55 | D        | Killed a large bag of meat
    55 | D        | Noticed an accursed
    56 | D        | Killed a large bag of meat
    57 | D        | Killed a large bag of meat
    58 | D        | Noticed a destroyer
    58 | D        | Noticed a large bag of meat
    59 | D        | Noticed a meat beast
    59 | D        | Noticed a destroyer
    59 | D        | Noticed a meat beast
    59 | D        | Noticed a destroyer
    59 | D        | Noticed an accursed
    60 | D        | Killed a meat beast
    61 | D        | Reached skill level 27 in Short Blades
    61 | D        | Reached skill level 27 in Long Blades
    61 | D        | Reached skill level 27 in Maces & Flails
    61 | D        | Reached skill level 27 in Staves
    61 | D        | Reached skill level 27 in Unarmed Combat
    61 | D        | Reached skill level 27 in Hexes
    61 | D        | Reached skill level 27 in Necromancy
    61 | D        | Reached skill level 27 in Translocations
    61 | D        | Reached skill level 27 in Transmutations
    61 | D        | Killed a destroyer
    61 | D        | Killed a meat beast
    62 | D        | Reached skill level 27 in Polearms
    62 | D        | Reached skill level 27 in Spellcasting
    62 | D        | Reached skill level 27 in Conjurations
    62 | D        | Reached skill level 27 in Earth Magic
    62 | D        | Reached skill level 27 in Evocations
    62 | D        | Killed a large bag of meat
    62 | D        | Noticed a tyrant
    63 | D        | Killed a tyrant
    63 | D        | Noticed a destroyer
    64 | D        | Killed an accursed
    65 | D        | Reached skill level 27 in Bows
    65 | D        | Reached skill level 27 in Crossbows
    65 | D        | Reached skill level 27 in Armour
    65 | D        | Reached skill level 27 in Shields
    65 | D        | Reached skill level 27 in Summonings
    65 | D        | Reached skill level 27 in Fire Magic
    65 | D        | Reached skill level 27 in Ice Magic
    65 | D        | Reached skill level 27 in Air Magic
    65 | D        | Reached skill level 27 in Poison Magic
    65 | D        | Noticed a meat beast
    65 | D        | Killed a destroyer
    66 | D        | Reached skill level 27 in Slings
    66 | D        | Reached skill level 27 in Stealth
    69 | D        | Killed a meat beast
    70 | D        | Noticed a large bag of meat
    71 | D        | Killed a destroyer
    72 | D        | Killed a destroyer
    74 | D        | Killed an accursed
    77 | D        | Killed an accursed
    82 | D        | Killed a large bag of meat
    84 | D        | Killed a destroyer
    85 | D        | Noticed a meat beast
    89 | D        | Killed a meat beast
    92 | D        | HP: 14/292 [observer/divine providence (13)]
    97 | D        | Noticed an accursed
    97 | D        | Noticed a meat beast
    97 | D        | Noticed a dread
    97 | D        | Killed from afar by a dread

Illustrated notes

Levels and vault maps discovered:
D:        meatsprint

Skill      XL: |  1  2  3  4  5  6  7  8  9 10 11 12 13 14 15 16 17 18 19 20 21 22 23 24 25 26 27 |
---------------+----------------------------------------------------------------------------------+-----
Fighting       | 13 15 16 17 20 22 24 27 | 27.0
Axes           | 17 20 22 23 26 27 | 27.0
Throwing       | 10 12 13 14 16 17 20 23 27 | 27.0
Dodging        | 11 13 14 15 17 19 21 24 27 | 27.0
Short Blades   | 4 8 10 13 14 16 17 19 20 27 | 27.0
Long Blades    | 4 8 11 13 14 16 17 19 20 27 | 27.0
Maces & Flails | 4 7 11 13 14 16 17 19 20 27 | 27.0
Polearms       | 3 7 10 12 13 15 16 18 19 27 | 27.0
Staves         | 4 8 11 13 14 16 17 18 20 27 | 27.0
Slings         | 3 5 8 10 11 13 14 15 16 27 | 27.0
Bows           | 3 6 9 11 12 14 15 16 17 27 | 27.0
Crossbows      | 3 6 9 11 12 14 15 16 17 27 | 27.0
Armour         | 3 6 9 11 12 14 15 16 17 27 | 27.0
Stealth        | 3 6 8 10 11 13 14 15 16 27 | 27.0
Shields        | 3 6 9 11 12 14 15 16 17 27 | 27.0
Unarmed Combat | 4 7 11 13 14 16 17 18 20 27 | 27.0
Spellcasting   | 4 7 10 12 13 15 16 17 19 27 | 27.0
Conjurations   | 3 7 10 12 13 15 16 17 18 27 | 27.0
Hexes          | 4 7 10 13 14 16 17 18 20 27 | 27.0
Summonings     | 3 6 9 11 12 14 15 16 17 27 | 27.0
Necromancy     | 4 7 10 13 16 17 19 20 27 | 27.0
Translocations | 4 7 11 13 14 16 17 19 20 27 | 27.0
Transmutations | 4 7 10 13 16 17 18 20 27 | 27.0
Fire Magic     | 3 6 9 11 12 14 15 16 17 27 | 27.0
Ice Magic      | 3 6 9 11 12 14 15 16 17 27 | 27.0
Air Magic      | 3 6 9 11 12 14 15 16 18 27 | 27.0
Earth Magic    | 3 7 10 12 13 15 16 17 19 27 | 27.0
Poison Magic   | 3 6 9 11 12 14 15 16 17 27 | 27.0
Invocations    | 4 8 11 14 15 17 19 20 22 27 | 27.0
Evocations     | 4 7 10 12 13 15 16 17 19 27 | 27.0

Action                   |  1- 3 |  4- 6 |  7- 9 | 10-12 | 13-15 | 16-18 | 19-21 | 22-24 | 25-27 || total
-------------------------+-------+-------+-------+-------+-------+-------+-------+-------+-------++-------
Melee: Executioner's axe |     1 |       |       |     2 |     4 |     4 |     5 |     5 |    59 ||    80
Throw: Throwing net      |       |       |       |       |     1 |       |       |       |       ||     1
 Abil: Rolling Charge    |       |       |       |       |     1 |     4 |     3 |     1 |    27 ||    36
Armor: Leather armour    |       |       |       |       |       |       |       |       |     1 ||     1
Dodge: Dodged            |       |       |       |       |       |       |     1 |     3 |     7 ||    11

Table legend: (Time is in decaauts)
 A = Elapsed time spent in this place.
 B = Non-inter-level travel time spent in this place.
 C = Inter-level travel time spent in this place.
 D = Time resting spent in this place.
 E = Time spent auto-exploring this place.
 F = Levels seen in this place.
 G = Mean time per level.
                   A        B        C        D        E       F      G
               +--------+--------+--------+--------+--------+-----+--------+
         Total |     92 |     92 |      0 |      0 |      0 |   1 |   92.0 |
       Dungeon |     92 |     92 |      0 |      0 |      0 |   1 |   92.0 |
               +--------+--------+--------+--------+--------+-----+--------+

Top non-repeatable levels by time:
       D: 92 daAuts
